 Dungeon Crawl Stone Soup version 0.20.0-8-g6b59dc7 (webtiles) character file.

52 Ketharn the Ruffian (level 3, 0/36 HPs)
             Began as a Troll Chaos Knight on May 30, 2017.
             Was an Initiate of Nemelex Xobeh.
             Succumbed to Sigmund's poison
             ... on level 2 of the Dungeon.
             The game lasted 00:07:01 (804 turns).

Ketharn the Ruffian (Troll Chaos Knight)             Turns: 804, Time: 00:07:02

Health: 0/36       AC:  6    Str: 21    XL:     3   Next: 60%
Magic:  2/2        EV: 10    Int:  6    God:    Nemelex Xobeh [......]
Gold:   93         SH:  0    Dex:  9    Spells: 2/2 levels left

rFire    . . .     SeeInvis .     - Unarmed
rCold    . . .     Gourm    +   (no shield)
rNeg     . . .     Faith    .   a - +2 robe
rPois    .         Spirit   .   (helmet restricted)
rElec    .         Reflect  .   (no cloak)
rCorr    .         Harm     .   (gloves unavailable)
MR       .....                  (boots unavailable)
Stlth    +.........             (no amulet)
Regen    0.6/turn               (no ring)
MPRegen  0.1/turn               (no ring)

@: lethally poisoned (0 -> -23)
A: unfitting armour, claws 3, deformed body, dopey 1, fast metabolism 3,
gourmand, regeneration 1, screaming 1, shaggy fur 1, tough skin 2
a: Renounce Religion


You were on level 2 of the Dungeon.
You worshipped Nemelex Xobeh.
Nemelex Xobeh was noncommittal.
You were not hungry.

You visited 1 branch of the dungeon, and saw 3 of its levels.

You collected 93 gold pieces.

Inventory:

Hand Weapons
 h - a +0 dagger of holy wrath
Armour
 a - a +2 robe (worn)
Magical Staves
 k - an uncursed staff of power {unknown}
Scrolls
 c - 3 scrolls of remove curse {unknown}
 f - 2 scrolls of identify {unknown}
Potions
 d - 2 potions of might {unknown}
 g - a potion of berserk rage {unknown}
 i - a potion of lignification {unknown}
 j - a potion of heal wounds {unknown}
Miscellaneous
 e - a plain deck of summoning {drawn: 1}
Comestibles
 b - 2 bread rations


   Skills:
 + Level 2.6 Fighting
 + Level 2.3 Dodging
 * Level 4.0 Unarmed Combat


You had 2 spell levels left.
You didn't know any spells.

Dungeon Overview and Level Annotations

Branches:
Dungeon (3/15)

Altars:
Nemelex Xobeh

Annotations:
D:2 Sigmund


Innate Abilities, Weirdness & Mutations

You are too large for most types of armour.
You have claws for hands.
Your metabolism is lightning-fast.
You like to eat raw meat.
Your natural rate of healing is unusually fast.
You are covered in fur. (AC +1)
You have very tough skin. (AC +2)
Armour fits poorly on your strangely shaped body.
You are dopey. (Int -2)
You occasionally shout uncontrollably at your foes.


Message History

You barely miss the goblin. The goblin hits you but does no damage.
Something hits you!
You are poisoned.
You barely miss the goblin.
You feel sick. The goblin barely misses you.
You claw the goblin!
You kill the goblin!
You feel sick. Something hits you.
You are lethally poisoned!
* * * LOW HITPOINT WARNING * * *
You feel sick. Something hits you.
* * * LOW HITPOINT WARNING * * *
You are more poisoned.
You see here a goblin corpse.
You miss something.
* * * LOW HITPOINT WARNING * * *
You feel very sick.
You scratch something.
You die...
Xom howls with laughter!
Your body disappears without a glow.

. .... # #..#..# ...#
#.##.##..# #..##
#........#####...#
#......{....$.>..#
####.##.##g######...#
#.<........# #...#
.†##..#..#.######...#####
.(##..##.#.#...{@........
..## ##.................
)###.......#..!..........
.# ##.#..#.######...#####
## #......# #...#
##.##### #...# #. .....#
# #...?#


There were no monsters in sight!

Vanquished Creatures
  An adder (D:2)
  An ooze (D:1)
  A ball python (D:1)
  8 bats (D:1)
  4 giant cockroaches
  5 goblins
  5 hobgoblins (D:1)
  2 frilled lizards
  3 kobolds (D:1)
  4 rats (D:1)
34 creatures vanquished.

Vanquished Creatures (collateral kills)
  A giant cockroach (D:1)
1 creature vanquished.

Grand Total: 35 creatures vanquished

Notes
Turn   | Place    | Note
-------+----------+-------------------------------------------
     0 | D:1      | Ketharn the Troll Chaos Knight began the quest for the Orb.
     0 | D:1      | Reached XP level 1. HP: 22/22 MP: 0/0
   114 | D:1      | Reached XP level 2. HP: 22/29 MP: 1/1
   170 | D:1      | XOM: divination: magic mapping
   236 | D:1      | Found a sparkling altar of Nemelex Xobeh.
   240 | D:1      | Fell from the grace of Xom
   240 | D:1      | Became a worshipper of Nemelex Xobeh the Trickster
   276 | D:1      | Received a gift from Nemelex Xobeh
   539 | D:1      | Reached XP level 3. HP: 36/36 MP: 2/2
   592 | D:1      | XOM: give mutations
   592 | D:1      | Gained mutation: You are dopey. (Int -2) [Xom's mischief]
   592 | D:1      | Gained mutation: You occasionally shout uncontrollably at your foes. [Xom's mischief]
   592 | D:1      | Gained mutation: Armour fits poorly on your strangely shaped body. [Xom's mischief]
   685 | D:2      | You fall through a shaft!
   779 | D:2      | Noticed Sigmund
   784 | D:2      | Reached skill level 4 in Unarmed Combat
   804 | D:2      | Succumbed to Sigmund's poison

Skill      XL: |  1  2  3 |
---------------+----------+-----
Dodging        | 2 |  2.3
Unarmed Combat | 4 |  4.0
Fighting       | |  2.6

Action                   || total
-------------------------++-------
Melee: Unarmed           ||    80
       Punch             ||     1
Evoke: Deck              ||     1
  Eat: Meat ration       ||     1
       Royal jelly       ||     1
Armor: Robe              ||    78
Dodge: Dodged            ||    89
